 Dungeon Crawl Stone Soup version 0.30-a0-1161-g0704695555 (webtiles) character file.

Game seed: 13303409526524659225

732 Dittersdorf the Trooper (level 7, 0/44 HPs)
             Began as a Gargoyle Fighter on Apr 27, 2023.
             Slain by a rust devil (10 damage)
             ... summoned by a kobold demonologist
             ... on level 5 of the Dungeon.
             The game lasted 00:04:31 (3232 turns).

Dittersdorf the Trooper (Gargoyle Fighter)          Turns: 3232, Time: 00:04:32

Health: 0/44       AC: -1    Str: 22    XL:     7   Next: 73%
Magic:  7/7        EV: 13    Int:  8    God:
Gold:   187        SH:  5    Dex:  9    Spells: 6/6 levels left

rFire   + . .        a - +0 flail
rCold   . . .        c - +0 buckler
rNeg    + . .        l - +0 chain mail
rPois   ∞            (no helmet)
rElec   +            (no cloak)
rCorr   .            (no gloves)
SInv    .            (no boots)
Will    .....        b - amulet of regeneration Stlth
                     i - +5 ring of evasion
HPRegen 1.07/turn    s - ring of protection from fire
MPRegen 0.10/turn

%: no passive effects
@: spiked, corroded
A: sickness immunity, AC +4, negative energy resistance 1, electricity
resistance, torment resistance 1, petrification resistance
a: no special abilities


You were on level 5 of the Dungeon.
You visited 1 branch of the dungeon, and saw 5 of its levels.

You collected 187 gold pieces.

Inventory:

Hand Weapons
 a - a +0 flail (weapon)
Missiles
 f - 6 poisoned darts (quivered)
Armour
 c - a +0 buckler (worn)
 l - a +0 chain mail (worn)
 t - a +0 plate armour
Jewellery
 b - an amulet of regeneration (around neck)
 i - a +5 ring of evasion (left hand)
 s - a ring of protection from fire (right hand)
Scrolls
 j - 2 scrolls of magic mapping
 k - a scroll of torment {unknown}
 o - a scroll of fear {unknown}
 q - a scroll of blinking {unknown}
 r - a scroll of immolation {unknown}
Potions
 d - 3 potions of might
 e - 2 potions of brilliance {unknown}
 g - 2 potions of heal wounds {unknown}
 h - a potion of flight {unknown}
 m - a potion of attraction {unknown}
 n - 2 potions of curing
 p - a potion of haste {unknown}
 u - a potion of mutation {unknown}
 v - a potion of cancellation {unknown}


   Skills:
 + Level 5.6 Fighting
 + Level 4.4 Maces & Flails
 + Level 5.5 Armour
 + Level 5.6 Shields


You had 6 spell levels left.
You didn't know any spells.
Your spell library contained the following spells:

 Spells                   Type           Power      Damage    Failure   Level
 Magic Dart               Conj           0%         1d3       97%         1
 Searing Ray              Conj           0%         2d4       99%         2
 Fulminant Prism          Conj/Hex       0%         3d5       100%        4


Dungeon Overview and Level Annotations

Branches:
Dungeon (5/15)
 Temple: D:4-7

Altars:
Nemelex Xobeh


Innate Abilities, Weirdness & Mutations

You are immune to sickness and miasma.
Your stone body is resilient. (AC +4)
You are immune to poison.
You resist negative energy. (rN+)
You are resistant to electric shocks. (rElec)
You are resistant to unholy torment.
You are immune to petrification.


Message History

The kobold demonologist looks even sicker.
The kobold demonologist is moderately wounded.
The red devil hits you from afar with a +0 demon trident of draining!
Barbed spikes become lodged in your body.
The teleport trap disappears.
The crimson imp disappears!
The kobold demonologist barely misses you.
Throw: 7 darts (poison)
Press: ? - help, Q - select action Shift-Dir - straight line, f - red devil, p - kobold demonologist
Aim: a red devil, wielding a +0 demon trident of draining (summoned, 43% to hit)
You throw a poisoned dart.
The poisoned dart closely misses the kobold demonologist.
The poisoned dart hits the red devil.
The red devil disappears in a puff of smoke!
The kobold demonologist hits you but does no damage.
Unknown command.
You closely miss the kobold demonologist.
The kobold demonologist is moderately wounded.
The kobold demonologist mumbles some strange words.
The shadow imp disappears for a moment.
The ynoxinul gestures.
You barely miss the kobold demonologist.
The kobold demonologist is moderately wounded.
The kobold demonologist hits you but does no damage.
The rust devil hits you. The rust devil corrodes you!
You hit the kobold demonologist.
The kobold demonologist is heavily wounded.
You block the kobold demonologist's attack.
The rust devil hits you! The rust devil corrodes you!
The kobold demonologist hits you but does no damage.
You miss the kobold demonologist.
The kobold demonologist is heavily wounded.
The rust devil hits you. The rust devil corrodes you!
The kobold demonologist gestures wildly while chanting.
You hit the kobold demonologist but do no damage.
The kobold demonologist is heavily wounded.
The rust devil hits you. The rust devil corrodes you!
The kobold demonologist hits you with a +0 dagger.
* * * LOW HITPOINT WARNING * * *
The rust devil hits you!
You die...

#..### ####.......#
##...## #...........
###..# #.##.......#
##.# #.##.......# #K#
#>.#.......# #.#
##.####.#### #.#
#..)...# #K######
#..######## #53K@45#
#..# #...
#5####5####..## ####
#..........(.#.###...
######.###.†###...###
#...###.........
####...###...###
#.........###...
#.###...###...###
....###.........


You could see a rust devil (summoned), 2 kobold demonologists, a ynoxinul
(summoned), a shadow imp (summoned) and 3 ufetubi.

Vanquished Creatures
  A centaur (D:5)
  2 phantoms (D:4)
  A scorpion (D:5)
  2 hounds
  A sleepcap (D:4)
  4 iguanas
  9 adders
  7 gnolls
  2 worms (D:4)
  4 dart slugs
  2 orcs (D:4)
  10 ball pythons
  7 endoplasms
  4 giant cockroaches
  7 goblins
  5 hobgoblins
  8 jackals
  6 quokkas
  5 bats
  2 frilled lizards (D:3)
  5 kobolds
  7 rats
  A spectral goblin (D:3)
102 creatures vanquished.

Notes
Turn   | Place    | Note
-------+----------+-------------------------------------------
     0 | D:1      | Dittersdorf the Gargoyle Fighter began the quest for the
                  | Orb.
     0 | D:1      | Reached XP level 1. HP: 14/14 MP: 1/1
    74 | D:1      | Reached XP level 2. HP: 19/19 MP: 2/2
   375 | D:1      | Reached XP level 3. HP: 23/23 MP: 3/3
   974 | D:2      | Reached XP level 4. HP: 29/29 MP: 4/4
  1400 | D:3      | Found a faded altar of an unknown god.
  1955 | D:4      | Reached XP level 5. HP: 28/33 MP: 5/5
  2141 | D:4      | Reached XP level 6. HP: 39/39 MP: 6/6
  2410 | D:4      | Reached skill level 5 in Fighting
  2410 | D:4      | Reached skill level 5 in Armour
  2410 | D:4      | Reached skill level 5 in Shields
  2546 | D:5      | Entered Level 5 of the Dungeon
  2550 | D:5      | Reached XP level 7. HP: 44/44 MP: 7/7
  2751 | D:5      | Found a sparkling altar of Nemelex Xobeh.
  3195 | D:5      | Noticed a kobold demonologist
  3195 | D:5      | Noticed a kobold demonologist
  3219 | D:5      | Noticed a red devil
  3224 | D:5      | Noticed a ynoxinul
  3229 | D:5      | Noticed a rust devil
  3232 | D:5      | Slain by a rust devil

Illustrated notes

Levels and vault maps discovered:
D:1:      dpeg_arrival_prison, layout_basic
D:2:      layout_basic, minmay_crystal_water
D:3:      layout_basic, dreamdust_ecumenical_altar_drowned_temple, dk_vineyard_1
D:4:      layout_cave_pools
D:5:      nicolae_BIG_FREAKIN_CUBE, layout_loops_ring,
          lemuel_coloured_pillars_altar, mainiacjoe_overflow_brackets

Skill      XL: |  1  2  3  4  5  6  7 |
---------------+----------------------+-----
Armour         | 4 5 |  5.5
Fighting       | 4 5 |  5.6
Shields        | 4 5 |  5.6
Maces & Flails | 3 4 |  4.4

Action                     |  1- 3 |  4- 6 |  7- 9 || total
---------------------------+-------+-------+-------++-------
  Melee: Flail             |   127 |   233 |   105 ||   465
  Throw: Dart              |       |       |    10 ||    10
    Use: Scroll            |       |     3 |     1 ||     4
 Armour: Scale mail        |    51 |     4 |       ||    55
         Chain mail        |       |   167 |    58 ||   225
  Dodge: Dodged            |    86 |   228 |    72 ||   386
  Block: Buckler           |    33 |    70 |    28 ||   131

Table legend: (Time is in decaauts)
 A = Elapsed time spent in this place.
 B = Non-inter-level travel time spent in this place.
 C = Inter-level travel time spent in this place.
 D = Time resting spent in this place.
 E = Time spent auto-exploring this place.
 F = Levels seen in this place.
 G = Mean time per level.
                   A        B        C        D        E       F      G
               +--------+--------+--------+--------+--------+-----+--------+
         Total |   3368 |   3185 |    183 |     59 |   2149 |   5 |  673.6 |
       Dungeon |   3368 |   3185 |    183 |     59 |   2149 |   5 |  673.6 |
               +--------+--------+--------+--------+--------+-----+--------+

Top non-repeatable levels by time:
     D:3: 729 daAuts
     D:5: 682 daAuts
     D:1: 674 daAuts
     D:4: 670 daAuts
     D:2: 612 daAuts
